 Dungeon Crawl Stone Soup version 0.31-a0-188-g5e087ee2ca (webtiles) character file.

Game seed: 793698002123898103

106 qw the Skirmisher (level 4, 0/25 HPs)
             Began as a Deep Elf Hunter on June 22, 2023.
             Slain by a gnoll
             ... wielding a +0 spear
              (6 damage)
             ... on level 3 of the Dungeon.
             The game lasted 00:00:41 (2213 turns).

qw the Skirmisher (Deep Elf Hunter)                 Turns: 2213, Time: 00:00:41

Health: 0/25       AC:  6    Str: 10    XL:     4   Next: 55%
Magic:  6/6        EV:  9    Int: 14    God:
Gold:   168        SH:  0    Dex: 18    Spells: 3/3 levels left

rFire   . . .        Y - +0 shortbow
rCold   . . .        (shield currently unavailable)
rNeg    + . .        b - +0 scale mail
rPois   .            (no helmet)
rElec   .            (no cloak)
rCorr   .            (no gloves)
SInv    .            (no boots)
Will    .....        (no amulet)
Stlth   +            g - ring of positive energy
HPRegen 0.24/turn    (no ring)
MPRegen 0.10/turn

%: no passive effects
@: no status effects
A: no striking features
a: no special abilities


You were on level 3 of the Dungeon.
You visited 1 branch of the dungeon, and saw 3 of its levels.

You collected 168 gold pieces.


   Skills:
 - Level 1.5 Fighting
 + Level 8.0 Ranged Weapons
 - Level 2.4 Dodging
 - Level 1.2 Stealth


You had 3 spell levels left.
You didn't know any spells.
Your spell library was empty.

Inventory:

Hand Weapons
 Y - a +0 shortbow (weapon)
Armour
 b - a +0 scale mail (worn)
Jewellery
 g - a ring of positive energy (left hand)
Scrolls
 a - 2 scrolls of identify
 e - a scroll of torment {unknown}
 f - a scroll of noise {unknown}
 h - a scroll of poison {unknown}
Potions
 c - a potion of haste
 d - a potion of curing {unknown}

Dungeon Overview and Level Annotations

Branches:
Dungeon (3/15)

Altars:
Ashenzari

Annotations:
D:2 1 runed translucent door, Crazy Yiuf


Message History

A kobold comes into view. It is wielding a +0 short sword.
The kobold shouts!
The gnoll shouts!
A gnoll comes into view. It is wielding a +0 whip.
A frilled lizard comes into view.
Enter note:
Enter note:
Enter note:
Enter note:
Enter note:
Enter note:
2204 ||| Stepping ~*~*~tactically~*~*~ (outnumbered).
A worm comes into view.
The kobold hits you but does no damage.
You shoot an arrow.
The arrow hits the kobold but does no damage.
The kobold barely misses you.
You shoot an arrow. The arrow barely misses the kobold.
The arrow hits the gnoll.
The gnoll is moderately wounded.
The gnoll hits you but does no damage. The kobold barely misses you.
You shoot an arrow.
The arrow hits the kobold but does no damage.
The gnoll barely misses you.
The kobold hits you with a +0 short sword.
The kobold barely misses you.
2209 ||| Stepping ~*~*~tactically~*~*~ (outnumbered).
The gnoll attacks as you move away! The gnoll hits you with a +0 whip!
You shoot an arrow. The arrow barely misses the gnoll.
The gnoll hits you with a +0 whip.
You shoot an arrow. The arrow barely misses the gnoll.
You shoot an arrow.
The arrow hits the gnoll but does no damage.
The gnoll hits you but does no damage.
The gnoll hits you from afar with a +0 spear.
The gnoll hits you with a +0 whip. The kobold barely misses you.
You shoot an arrow.
The arrow hits the gnoll but does no damage.
The gnoll hits you but does no damage.
The gnoll hits you from afar with a +0 spear.
You die...

# #.}.^...}.#
#....<....###### ..
..#.......#.....# ...
####.....##.....# ....
#######......# .$..#
+.......%# .....g ##+##
#........# ..lg###...##
#........# #.g#@....#
#.........
..##gggK...#####.....##
.......w......#
#.......#
..............#
#.......#
..............#
#.......#
+8.#..........#
#<......# .#
#..........# ##.......
#..........## #....(##
#######.....# #.....#


You could see a worm, 3 gnolls and a kobold.

Vanquished Creatures
  An orc priest (D:2)
  An adder (D:3)
  5 dart slugs
  2 orcs (D:2)
  6 ball pythons
  A bat (D:2)
  4 endoplasms
  2 giant cockroaches
  6 goblins
  5 hobgoblins
  2 jackals (D:1)
  4 kobolds
  3 quokkas
  3 frilled lizards (D:2)
  8 rats
53 creatures vanquished.

Notes
Turn   | Place    | Note
-------+----------+-------------------------------------------
     0 | D:1      | qw the Deep Elf Hunter began the quest for the Orb.
     0 | D:1      | Reached XP level 1. HP: 12/12 MP: 3/3
     0 | D:1      | 0 ||| qw: Version: 0.3-a-9-g12657ce
     0 | D:1      | 0 ||| qw: Game counter: 2937
     0 | D:1      | 0 ||| qw: Always use a shield: true
     0 | D:1      | 0 ||| qw: God list: Okawaru
     0 | D:1      | 0 ||| qw: Allow faded altars: false
     0 | D:1      | 0 ||| qw: Do Orc after D:15 true
     0 | D:1      | 0 ||| qw: Do second Lair branch before Depths: true
     0 | D:1      | 0 ||| qw: Lair rune preference: random
     0 | D:1      | 0 ||| qw: Plans: Normal
     0 | D:1      | 0 ||| PLANNING D:1-11
   322 | D:1      | You fall into a shaft and drop 1 floor!
   342 | D:2      | Reached XP level 2. HP: 16/16 MP: 4/4
   407 | D:2      | Reached skill level 6 in Ranged Weapons
   503 | D:2      | Reached skill level 7 in Ranged Weapons
   503 | D:2      | Reached XP level 3. HP: 10/20 MP: 5/5
   559 | D:2      | 559 ||| UPGRADING to ring of positive energy.
   560 | D:2      | 560 ||| READING 6 scrolls labelled SELIOLEOTITH.
   561 | D:2      | 561 ||| READING scroll labelled XUCSUL TUUXE.
   564 | D:2      | 564 ||| READING scroll labelled EREFAL FOCEGY.
   565 | D:2      | 565 ||| READING scroll labelled MIUGUI FEMP.
   566 | D:2      | 566 ||| READING 5 scrolls of identify.
   566 | D:2      | 566 ||| IDENTIFYING orange potion
   567 | D:2      | 567 ||| DROPPING scroll of butterflies.
   568 | D:2      | 568 ||| DROPPING potion of brilliance.
   569 | D:2      | 569 ||| Stepping randomly (stuck).
   569 | D:2      | Found a broken altar of Ashenzari.
   644 | D:2      | 644 ||| FLEEEEING.
   645 | D:2      | 645 ||| FLEEEEING.
   654 | D:2      | 654 ||| FLEEEEING.
   658 | D:2      | 658 ||| FLEEEEING.
   659 | D:2      | 659 ||| FLEEEEING.
   660 | D:2      | 660 ||| FLEEEEING.
   661 | D:2      | 661 ||| STAIRDANCE
   746 | D:1      | Reached XP level 4. HP: 25/25 MP: 6/6
  1243 | D:1      | 1243 ||| UPGRADING to +0 scale mail.
  1253 | D:1      | 1253 ||| DROPPING +0 leather armour.
  1254 | D:1      | 1254 ||| READING 4 scrolls of identify.
  1254 | D:1      | 1254 ||| IDENTIFYING smoky coppery potion
  1525 | D:2      | Found a runed translucent door.
  1526 | D:2      | Noticed Crazy Yiuf
  1894 | D:2      | 1894 ||| READING 4 scrolls of identify.
  1894 | D:2      | 1894 ||| IDENTIFYING metallic cyan potion
  1895 | D:2      | 1895 ||| READING 3 scrolls of identify.
  1895 | D:2      | 1895 ||| IDENTIFYING fizzy purple potion
  1896 | D:2      | 1896 ||| DROPPING potion of invisibility.
  1992 | D:3      | Reached skill level 8 in Ranged Weapons
  1994 | D:3      | HP: 5/25 [hobgoblin (3)]
  1995 | D:3      | 1995 ||| DRINKING potion of heal wounds.
  2054 | D:3      | Found a faded altar of an unknown god.
  2202 | D:3      | 2202 ||| Stepping ~*~*~tactically~*~*~ (outnumbered).
  2204 | D:3      | 2204 ||| Stepping ~*~*~tactically~*~*~ (outnumbered).
  2209 | D:3      | 2209 ||| Stepping ~*~*~tactically~*~*~ (outnumbered).
  2212 | D:3      | HP: 6/25 [gnoll/+0 whip (6)]
  2213 | D:3      | Slain by a gnoll

Levels and vault maps discovered:
D:1:      dpeg_arrival_snail, layout_loops_corners, minmay_misc_feat_doors,
          nrook_uturn
D:2:      layout_loops_corners, basic_altar, minmay_vboxes,
          uniq_crazy_yiuf_cottage
D:3:      layout_basic, jmf_multi_god_temple2, shapermc_ecumenical_altar_gd,
          grunt_ministairs_10

Skill      XL: |  1  2  3  4 |
---------------+-------------+-----
Ranged Weapons | 7 8 |  8.0
Fighting       | |  1.5
Dodging        | |  2.4
Stealth        | |  1.2

Action                     |  1- 3 |  4- 6 || total
---------------------------+-------+-------++-------
   Fire: Shortbow          |    67 |    70 ||   137
    Use: Scroll            |     5 |     3 ||     8
         Potion            |       |     1 ||     1
 Armour: Scale mail        |       |    20 ||    20
         Leather armour    |       |     5 ||     5
  Dodge: Dodged            |     4 |    31 ||    35

Table legend:
 A = Non-vault XP
 B = Vault XP
 C = Vault XP percentage of total XP
 D = Non-vault monster count
 E = Vault monster count
 F = Vault count percentage of total count
                 A         B        C        D         E       F
            +---------+---------+-------+---------+---------+-------
      Total |     139 |      13 |   8.6 |      44 |       9 |  17.0
            +---------+---------+-------+---------+---------+-------
        D:1 |      41 |       0 |   0.0 |      20 |       0 |   0.0
        D:2 |      77 |       9 |  10.5 |      20 |       7 |  25.9
        D:3 |      21 |       4 |  16.0 |       4 |       2 |  33.3
            +---------+---------+-------+---------+---------+-------
